 Dungeon Crawl Stone Soup version 0.31-a0-1447-g87ca8d402b (webtiles) character file.

Game seed: 16073976284164280264

1983 mopl the Ruffian (level 9, -2/65 HPs)
             Began as a Djinni Shapeshifter on Dec 27, 2023.
             Was a Believer of Uskayaw.
             Slain by an orc warrior
             ... wielding a +0 halberd
              (11 damage)
             ... on level 7 of the Dungeon.
             The game lasted 00:07:16 (5152 turns).

mopl the Ruffian (Djinni Shapeshifter)              Turns: 5152, Time: 00:07:16

Health: -2/65      AC:  8    Str: 17    XL:     9   Next: 44%
Gold:   327        EV:  8    Int: 12    God:    Uskayaw [**....] SH:  0 Dex: 13

rFire   + +          .
                       - Unarmed
rCold   . . .        (no shield)
rNeg    . . .        E - +0 chain mail {rC+}
rPois   ∞            (helmet currently unavailable)
rElec   .            (cloak currently unavailable)
rCorr   .            (gloves currently unavailable)
SInv    +            (boots unavailable)
Will    +....        k - amulet of faith {!P} Stlth
                     i - ring of willpower
HPRegen 0.30/turn    n - ring of see invisible
MPRegen 0.00/turn

%: faith, infuse magic (-3 HP)
@: beast-form, flying
A: beast (slay +3), flying, sickness immunity, fire resistance 2, cold
vulnerability 1, float, innate caster, HP casting, extra vitality 1
a: Begin Untransformation, Renounce Religion, Stomp, Line Pass


You were on level 7 of the Dungeon.
You worshipped Uskayaw.
Uskayaw was noncommittal.
You were a hulking beast.
You visited 2 branches of the dungeon, and saw 8 of its levels.

You collected 327 gold pieces.

Inventory:

Hand Weapons
 b - the +6 mace of the Cursing Gods {spect, rN+ Dex+2}
   (You found it on level 5 of the Dungeon)

   Dex+2:     It affects your dexterity (+2).
   rN+:       It protects you from negative energy.
Missiles
 o - 5 boomerangs
 v - 5 curare-tipped darts (quivered)
Armour
 A - a +2 robe of cold resistance
 E - a +0 chain mail of cold resistance (worn)
 F - a +0 hat
Jewellery
 i - a ring of willpower (left hand)
 k - an amulet of faith (around neck) {!P}
 n - a ring of see invisible (right hand)
Talismans
 c - a beast talisman
 d - a flux talisman
 f - a serpent talisman
 j - a dragon-blood talisman
Wands
 z - a wand of paralysis (5)
 C - a wand of flame (16)
Scrolls
 l - a scroll of vulnerability {unknown}
 m - 2 scrolls of noise {unknown}
 q - a scroll of amnesia {unknown}
 s - a scroll of revelation {unknown}
 y - a scroll of silence {unknown}
 B - a scroll of fog {unknown}
 D - 3 scrolls of poison {unknown}
Potions
 a - 5 potions of brilliance {unknown}
 g - 3 potions of might {unknown}
 h - a potion of resistance {unknown}
 r - 3 potions of curing {unknown}
 t - 2 potions of lignification {!q}
 u - a potion of ambrosia
 w - a potion of cancellation
 x - a potion of enlightenment
 G - a potion of mutation {!q}


   Skills:
 + Level 5.1 Fighting
 + Level 2.2 Dodging
 * Level 7.9 Unarmed Combat
 + Level 1.4 Invocations
 * Level 6.7 Shapeshifting


You knew the following spells:

 Your Spells              Type           Power      Damage    Failure   Level
a - Freeze                Ice            0%         1d3       99%         1
b - Static Discharge      Conj/Air       0%         3-3/arc   99%         2
c - Volatile Blastmotes   Fire/Tloc      0%         2d10      100%        3
d - Animate Armour        Summ/Erth      0%         N/A       100%        4
Your spell library was empty.


Dungeon Overview and Level Annotations

Branches:
Dungeon (7/15)             Temple (1/1) D:6

Altars:
Ashenzari
Cheibriados
Dithmenos
Elyvilon
Fedhas
Gozag
Hepliaklqana
Makhleb
Nemelex Xobeh
Okawaru
Qazlal
Ru
Trog
Uskayaw
Wu Jian
Yredelemnul
Zin
The Shining One

Annotations:
D:3 2 transporters


Innate Abilities, Weirdness & Mutations

You are a hulking beast.
Your limbs bulge with bestial killing power. (Slay +3)
You are flying.
You are immune to sickness and miasma.
You are immune to poison.
Your flesh is very heat resistant. (rF++)
You are vulnerable to cold. (rC-)
You float through the air rather than walking.
You learn spells naturally, not from books.
Your magical power is your life essence.
You have superior vitality. (+4 MHP)


Message History

Things that are here:
a +0 dagger; a +0 robe You start resting.
HP restored.
There is a stone staircase leading down here.
You fly downwards.
The orc hits you but does no damage.
There is a stone staircase leading up here.
You punch the orc!
You kill the orc!
You hit the orc.
The orc is moderately wounded.
The orc warrior hits you from afar with a +0 halberd.
The orc hits you with a +0 flail.
You hit the orc.
You kill the orc!
The orc warrior hits you from afar with a +0 halberd!
The orc warrior hits you with a +0 halberd.
Things that are here:
a +0 flail; a +0 leather armour You closely miss the orc warrior.
You hit the orc warrior.
The orc warrior is moderately wounded.
The orc warrior hits you with a +0 halberd!
You hit the orc warrior.
The orc warrior is moderately wounded.
The orc warrior hits you with a +0 halberd.
You can now pass through a line of other dancers.
You are too injured to fight recklessly!
You are too injured to fight recklessly!
You are too injured to fight recklessly!
The orc warrior hits you from afar with a +0 halberd!
There is a stone staircase leading up here.
The orc warrior hits you with a +0 halberd!
* * * LOW HITPOINT WARNING * * *
Things that are here:
a +0 flail; a +0 leather armour The orc warrior closely misses you.
There is a stone staircase leading up here.
The orc warrior hits you from afar with a +0 halberd!
You die...

.# .## ..
.. ## .# #
##. .# ...
#)o##.#..#
#)h...#
#)....#
#.....#
#.)...#
#.....#
#.....#
#....##
#....#


You could see an orc warrior.

Vanquished Creatures
  Pikel (D:4)
  Prince Ribbit (D:5)
  An orc warrior (D:6)
  An ice beast (D:5)
  An ogre (D:6)
  A gnoll sergeant (Temple)
  4 scorpions
  A bombardier beetle (D:6)
  A howler monkey (D:6)
  3 hounds
  A jelly (D:4)
  3 orc priests
  Jessica (D:2)
  An iguana (D:5)
  8 orc wizards
  5 adders
  9 gnolls
  A white imp (D:6)
  A worm (D:3)
  A dart slug (D:3)
  14 orcs
  2 endoplasms
  4 giant cockroaches
  10 goblins
  9 hobgoblins
  4 quokkas
  8 ball pythons
  2 bats (D:1)
  6 frilled lizards
  6 kobolds
  6 rats
117 creatures vanquished.

Notes
Turn   | Place    | Note
-------+----------+-------------------------------------------
     0 | D:1      | mopl the Djinni Shapeshifter began the quest for the Orb.
     0 | D:1      | Reached XP level 1. HP: 17/17 MP: 0/0
    99 | D:1      | Reached XP level 2. HP: 13/22 MP: 0/0
   364 | D:1      | Reached skill level 3 in Shapeshifting
   701 | D:1      | Reached XP level 3. HP: 27/27 MP: 0/0
   701 | D:1      | Learned a level 1 spell: Freeze
  1057 | D:2      | Noticed Jessica
  1064 | D:2      | Killed Jessica
  1065 | D:2      | Reached XP level 4. HP: 33/33 MP: 0/0
  1508 | D:2      | Reached skill level 2 in Fighting
  1508 | D:2      | Reached skill level 4 in Unarmed Combat
  1544 | D:3      | Reached XP level 5. HP: 35/38 MP: 0/0
  1544 | D:3      | Learned a level 2 spell: Static Discharge
  1599 | D:3      | Found a broken altar of Ashenzari.
  1600 | D:3      | Found a white marble altar of Elyvilon.
  1600 | D:3      | Noticed a black bear
  1602 | D:3      | Found a transporter.
  1602 | D:3      | Noticed an orc warrior
  1604 | D:3      | Noticed a phantom
  1605 | D:3      | Noticed a black bear
  1609 | D:3      | Found a transporter.
  1865 | D:3      | Found a faded altar of an unknown god.
  2116 | D:3      | Reached XP level 6. HP: 42/45 MP: 0/0
  2135 | D:3      | Reached skill level 4 in Shapeshifting
  2505 | D:4      | Reached skill level 5 in Unarmed Combat
  2582 | D:4      | Noticed Pikel
  2604 | D:4      | Paralysed by Pikel for 5 turns
  2610 | D:4      | Killed Pikel
  2611 | D:4      | Reached skill level 3 in Fighting
  2611 | D:4      | Reached skill level 6 in Unarmed Combat
  2611 | D:4      | Reached skill level 5 in Shapeshifting
  2611 | D:4      | Reached XP level 7. HP: 51/51 MP: 0/0
  2611 | D:4      | Learned a level 3 spell: Volatile Blastmotes
  2611 | D:4      | Reached XP level 8. HP: 58/58 MP: 0/0
  3081 | D:5      | Entered Level 5 of the Dungeon
  3173 | D:5      | Reached skill level 4 in Fighting
  3288 | D:5      | Identified the +6 mace of the Cursing Gods {spect, rN+
                  | Dex+2}
  3360 | D:5      | Noticed Prince Ribbit
  3366 | D:5      | Killed Prince Ribbit
  3367 | D:5      | Reached skill level 7 in Unarmed Combat
  3464 | D:5      | Reached skill level 6 in Shapeshifting
  3488 | D:5      | Reached XP level 9. HP: 36/63 MP: 0/0
  3488 | D:5      | Learned a level 4 spell: Animate Armour
  3862 | D:6      | Found a stormy altar of Qazlal.
  3900 | D:6      | Found a staircase to the Ecumenical Temple.
  3912 | Temple   | Entered the Ecumenical Temple
  3922 | Temple   | Became a worshipper of Uskayaw the Reveller
  3934 | D:6      | Reached * piety under Uskayaw
  3937 | D:6      | Reached ** piety under Uskayaw
  3940 | D:6      | Reached *** piety under Uskayaw
  3942 | D:6      | Reached **** piety under Uskayaw
  3947 | D:6      | Reached ***** piety under Uskayaw
  4089 | D:6      | Reached skill level 5 in Fighting
  4089 | D:6      | Reached skill level 1 in Invocations
  4097 | D:6      | HP: 1/65 [orc warrior/+0 halberd (6)]
  5152 | D:7      | Slain by an orc warrior

Illustrated notes

Levels and vault maps discovered:
D:1:      matt_arrival_los_fun, layout_basic
D:2:      layout_basic, uniq_jessica
D:3:      layout_rooms, gammafunk_temple_overflow_arena,
          shapermc_ecumenical_altar_ellora
D:4:      layout_loops_corners, chequers_serial_rivers_micro_c, uniq_pikel
D:5:      layout_rooms, kennysheep_big_empty_room, grunt_ministairs_5,
          uniq_prince_ribbit1
D:6:      layout_rooms, grunt_qazlal_clouds,
          minmay_temple_entry_statues_fountains
D:7:      cheibrodos_barr_body, layout_rooms, doesnt_xom_only_xom,
          ebering_ghost_reflecting_pool
Temple:   dpeg_three_leaves_temple

Skill      XL: |  1  2  3  4  5  6  7  8  9 |
---------------+----------------------------+-----
Shapeshifting  | 3 5 6 |  6.7
Fighting       | 2 3 4 5 |  5.1
Unarmed Combat | 4 6 7 |  7.9
Invocations    | 1 |  1.4
Dodging        | |  2.2

Action                     |  1- 3 |  4- 6 |  7- 9 || total
---------------------------+-------+-------+-------++-------
  Melee: Unarmed           |    80 |   146 |   176 ||   402
         Punch             |     2 |     3 |     5 ||    10
         Mace              |       |       |     3 ||     3
  Evoke: Wand              |       |       |     1 ||     1
    Use: Potion            |       |     2 |       ||     2
         Scroll            |       |       |     5 ||     5
   Stab: Paralysed         |       |       |     8 ||     8
 Armour: Animal skin       |    41 |     3 |       ||    44
         Ring mail         |       |    66 |       ||    66
         Skin              |       |    16 |       ||    16
         Robe              |       |       |    77 ||    77
         Chain mail        |       |       |    43 ||    43
  Dodge: Dodged            |    47 |    55 |    86 ||   188

Table legend: (Time is in decaauts)
 A = Elapsed time spent in this place.
 B = Non-inter-level travel time spent in this place.
 C = Inter-level travel time spent in this place.
 D = Time resting spent in this place.
 E = Time spent auto-exploring this place.
 F = Levels seen in this place.
 G = Mean time per level.
                   A        B        C        D        E       F      G
               +--------+--------+--------+--------+--------+-----+--------+
         Total |   5120 |   4973 |    147 |   1173 |   2792 |   8 |  640.0 |
       Dungeon |   4614 |   4467 |    147 |    728 |   2792 |   7 |  659.1 |
        Temple |    505 |    505 |      0 |    445 |      0 |   1 |  505.0 |
               +--------+--------+--------+--------+--------+-----+--------+

Top non-repeatable levels by time:
     D:4: 944 daAuts
     D:1: 879 daAuts
     D:6: 777 daAuts
     D:5: 757 daAuts
     D:3: 701 daAuts
     D:2: 539 daAuts
  Temple: 505 daAuts
     D:7: 14 daAuts
